 Dungeon Crawl Stone Soup version 0.24-a0-497-g5a03d68f59 (webtiles) character file.

Game seed: 15115659694803412551

56 KristoblXynda the Charmwright (level 3, -1/18 HPs)
             Began as a Spriggan Skald on July 13, 2019.
             Slain by a worm (10 damage)
             ... on level 2 of the Dungeon.
             The game lasted 00:03:08 (1326 turns).

KristoblXynda the Charmwright (Spriggan Skald)      Turns: 1326, Time: 00:03:09

Health: -1/18      AC:  2    Str:  8    XL:     3   Next: 69%
Magic:  8/8        EV: 19    Int: 14    God:
Gold:   35         SH:  0    Dex: 15    Spells: 7/8 levels left

rFire    + . .     SeeInvis +   c - +2 dagger (venom)
rCold    + . .     Gourm    .   (shield restricted)
rNeg     + . .     Faith    .   j - +0 robe {rC+ rF+}
rPois    .         Spirit   .   (helmet restricted)
rElec    .         Reflect  .   (no cloak)
rCorr    .         Harm     .   (gloves unavailable)
MR       .....                  (boots unavailable)
Stlth    ++........             (no amulet)
HPRegen  0.06/turn              h - ring of positive energy
MPRegen  0.11/turn              (no ring)

@: very quick
A: very small, unfitting armour, see invisible, herbivore, speed 3, slow
metabolism 2
a: no special abilities


You were on level 2 of the Dungeon.
You were not hungry.

You visited 1 branch of the dungeon, and saw 2 of its levels.

You collected 35 gold pieces.

Inventory:

Hand Weapons
 c - a +2 dagger of venom (weapon)
 i - a +1 dagger
Armour
 j - a +0 robe of resistance (worn)
Jewellery
 h - a ring of positive energy (left hand)
Scrolls
 a - 2 scrolls of amnesia {unknown}
 f - a scroll of identify {unknown}
 g - a scroll of remove curse
 k - a scroll of fear {unknown}
 m - 2 scrolls of blinking {unknown}
Potions
 e - a potion of cancellation {unknown}
Comestibles
 d - 3 rations


   Skills:
 - Level 1.5 Fighting
 + Level 2.9 Short Blades
 - Level 4.2 Dodging
 + Level 0.3 Stealth
 + Level 3.4 Spellcasting
 + Level 5.1 Charms


You had 7 spell levels left.
You knew the following spells:

 Your Spells              Type           Power        Failure   Level  Hunger
a - Infusion              Chrm           ###.         2%          1    #......

Your spell library contained the following spells:

 Spells                   Type           Power        Failure   Level  Hunger
 Song of Slaying          Chrm           ###.....     3%          2    ##.....
 Shroud of Golubria       Chrm/Tloc      #.....       11%         2    ##.....
 Regeneration             Chrm/Necr      #.........   22%         3    ###....
 Spectral Weapon          Hex/Chrm       #.......     22%         3    ###....


Dungeon Overview and Level Annotations

Branches:
Dungeon (2/15)

Altars:


Innate Abilities, Weirdness & Mutations

You are very small and have problems with some larger weapons.
You are too small for most types of armour.
You have supernaturally acute eyesight. (SInv)
You are a herbivore.
You cover ground extremely quickly.
You need to consume almost no food.


Message History

You start resting.
The worm is too close now for your liking.
A worm is nearby!
You see here a +0 robe.
You barely miss the worm. You hit the worm.
The worm is moderately wounded.
You hit the worm but do no damage.
The worm is moderately wounded.
The worm closely misses you.
You hit the worm.
The worm is poisoned.
The worm is moderately wounded.
The worm closely misses you.
You completely miss the worm.
The worm is moderately wounded.
You hit the worm.
The worm looks as sick as possible!
The worm is heavily wounded.
The worm bites you!
Ouch! That really hurt!
You die...

#..##..# #.(...#
g..##..# #.###.# .#
.#.###.<# ###.# #.###
.# ...w #..#
#.†.###...# .# .. ##
#..# #.#.....#w# .#
#..# #.###.#.#.# .#
#..# #[# #.#.#.# .#
#..# #.# #.#.#.##.#####
#<.###@###.#.#..)......
#.....w)........#######
######.#####(#.##
............(.#.#
#######.........#
###########


You could see a worm.

Vanquished Creatures
  Jessica (D:2)
  A worm (D:2)
  A leopard gecko (D:2)
  3 bats
  2 giant cockroaches (D:1)
  3 goblins
  4 hobgoblins
  8 frilled lizards
  2 kobolds
  2 rats
27 creatures vanquished.

Vanquished Creatures (others)
  4 toadstools (D:1)
4 creatures vanquished.

Grand Total: 31 creatures vanquished

Notes
Turn   | Place    | Note
-------+----------+-------------------------------------------
     0 | D:1      | KristoblXynda the Spriggan Skald began the quest for the
                  | Orb.
     0 | D:1      | Reached XP level 1. HP: 10/10 MP: 5/5
   673 | D:1      | Reached XP level 2. HP: 12/14 MP: 6/6
  1033 | D:2      | Noticed Jessica
  1078 | D:2      | Killed Jessica
  1078 | D:2      | Reached skill level 5 in Charms
  1078 | D:2      | Reached XP level 3. HP: 7/18 MP: 8/8
  1326 | D:2      | Slain by a worm

Levels and vault maps discovered:
D:1:      ldierk_water_garden, layout_basic, minmay_pentomino_s2
D:2:      layout_loops_ring, lemuel_round_altar, old_standard_altar,
          minmay_lizard_king, uniq_jessica, uniq_natasha

Skill      XL: |  1  2 |
---------------+-------+-----
Spellcasting   | 3 |  3.4
Dodging        | 4 |  4.2
Charms         | 5 |  5.1
Fighting       | |  1.5
Short Blades   | |  2.9
Stealth        | |  0.3

Action                   || total
-------------------------++-------
Melee: Short sword       ||    32
       Dagger            ||   113
 Cast: Infusion          ||     2
  Use: Potion            ||     5
       Scroll            ||     2
Armor: Robe              ||    10
       Skin              ||    84
Dodge: Dodged            ||   100

Table legend:
 A = Non-vault XP
 B = Vault XP
 C = Vault XP percentage of total XP
 D = Non-vault monster count
 E = Vault monster count
 F = Vault count percentage of total count
                 A         B        C        D         E       F
            +---------+---------+-------+---------+---------+-------
      Total |      30 |      50 |  62.5 |      16 |      11 |  40.7
            +---------+---------+-------+---------+---------+-------
        D:1 |      12 |       3 |  20.0 |       7 |       2 |  22.2
        D:2 |      18 |      47 |  72.3 |       9 |       9 |  50.0
            +---------+---------+-------+---------+---------+-------
